 Seeded DCSS version 0.31.0-12-g77e489cdc1 (webtiles) character file.

Game seed: 18203388733703086781 (custom seed)

650 Buffagor the Cleaver (level 7, -1/62 HPs)
             Began as a Naga Fighter on Feb 17, 2024.
             Was a Believer of Cheibriados.
             Slain by Dowan
             ... wielding a +3 dagger of holy wrath
              (5 damage)
             ... on level 5 of the Dungeon.
             The game lasted 00:08:38 (3997 turns).

Buffagor the Cleaver (Naga Fighter)                 Turns: 3997, Time: 00:08:38

Health: -1/62      AC:  7    Str: 20 (23) XL:     7   Next: 53%
Magic:  7/7        EV:  5    Int: 12      God:    Cheibriados [**....]
Gold:   246        SH:  5    Dex: 14 (16) Spells: 6/6 levels left

rFire   . . .        a - +0 war axe
rCold   . . .        c - +0 buckler
rNeg    . . .        k - +0 chain mail
rPois   +            (no helmet)
rElec   .            (no cloak)
rCorr   .            (no gloves)
SInv    +            (no barding)
Will    .....        (no amulet) Stlth
                     (no ring)
HPRegen 0.30/turn    (no ring)
MPRegen 0.10/turn

%: no passive effects
@: very slow
A: AC +2, large, see invisible, deformed body, poison resistance, slowness 2,
spit poison 1, naga tail 1
a: Spit Poison, Renounce Religion, Bend Time


You were on level 5 of the Dungeon.
You worshipped Cheibriados.
Cheibriados was pleased with you.
You visited 1 branch of the dungeon, and saw 5 of its levels.

You collected 246 gold pieces.

Inventory:

Hand Weapons
 a - a +0 war axe (weapon)
 b - a +0 sling
 l - a +2 hand axe of flaming
Armour
 c - a +0 buckler (worn)
 k - a +0 chain mail (worn)
 o - a +1 helmet
Jewellery
 n - an amulet of magic regeneration
 r - a +4 ring of protection
Scrolls
 e - 3 scrolls of enchant weapon {unknown}
 g - 2 scrolls of torment {unknown}
 h - 3 scrolls of identify {unknown}
 i - 2 scrolls of immolation {unknown}
 j - a scroll of vulnerability {unknown}
 m - 2 scrolls of revelation {unknown}
 p - 2 scrolls of fog {unknown}
 q - a scroll of amnesia {unknown}
 t - 4 scrolls of silence {unknown}
 u - a scroll of fear {unknown}
Potions
 d - a potion of mutation {unknown}


   Skills:
 + Level 3.1 Fighting
 * Level 8.1 Axes
 + Level 2.5 Armour
 + Level 2.8 Shields


You had 6 spell levels left.
You didn't know any spells.
Your spell library contained the following spells:

 Spells                   Type           Power      Damage    Failure   Level
 Apportation              Tloc           0%         N/A       97%         1
 Cigotuvi's Dreadful Rot  Necr/Alch/Air  0%         N/A       99%         2
 Ensorcelled Hibernation  Hex/Ice        0%         N/A       99%         2
 Jinxbite                 Hex            0%         N/A       99%         2
 Dazzling Flash           Conj/Hex       0%         N/A       100%        3
 Fugue of the Fallen      Necr           0%         N/A       100%        3
 Ozocubu's Armour         Ice            0%         N/A       100%        3
 Passwall                 Erth           0%         N/A       100%        3
 Swiftness                Air            0%         N/A       100%        3
 Volatile Blastmotes      Fire/Tloc      0%         2d10      100%        3
 Ignite Poison            Fire/Alch      0%         N/A       100%        4
 Manifold Assault         Tloc           0%         N/A       100%        4
 Alistair's Intoxication  Alch           0%         N/A       100%        5
 Freezing Cloud           Conj/Ice/Air   0%         6-21      100%        5
 Starburst                Conj/Fire      0%         6d3       100%        6
 Maxwell's Capacitive Co  Air            0%         ∞         100%        8


Dungeon Overview and Level Annotations

Branches:
Dungeon (5/15)
 Temple: D:4-7

Altars:
Cheibriados
Nemelex Xobeh

Shops:
D:4 *

Annotations:
D:5 Dowan, Duvessa


Innate Abilities, Weirdness & Mutations

Your serpentine skin is tough. (AC +2)
You have supernaturally acute eyesight. (SInv)
Armour fits poorly on your strangely shaped body.
Your system is resistant to poisons. (rPois)
You cover ground very slowly.
You can spit poison.
You have a snake-like lower body.


Message History

You hit Duvessa.
Duvessa is heavily wounded.
You barely miss Dowan.
Duvessa gestures with her weapon.
Duvessa hits you with a +0 short sword.
Dowan hits you with a +3 dagger of holy wrath.
Duvessa hits you but does no damage. You block Dowan's attack.
Unknown command.
Unknown command.
Unknown command.
Unknown command.
You hit Duvessa.
Duvessa is severely wounded.
You hit Dowan but do no damage. Duvessa hits you with a +0 short sword.
Dowan hits you with a +3 dagger of holy wrath.
You closely miss Duvessa.
Duvessa is severely wounded.
You hit Dowan. Duvessa hits you with a +0 short sword!
Dowan hits you with a +3 dagger of holy wrath.
* * * LOW HITPOINT WARNING * * *
You hit Duvessa.
Duvessa is severely wounded.
You hit Dowan but do no damage. You block Duvessa's attack.
Dowan hits you but does no damage.
You hit Duvessa but do no damage.
Duvessa is severely wounded.
You closely miss Dowan. Duvessa hits you with a +0 short sword!
* * * LOW HITPOINT WARNING * * *
Dowan hits you with a +3 dagger of holy wrath.
* * * LOW HITPOINT WARNING * * *
You hit Duvessa.
Duvessa is almost dead.
You closely miss Dowan. Duvessa hits you with a +0 short sword.
* * * LOW HITPOINT WARNING * * *
Dowan barely misses you.
You barely miss Duvessa.
Duvessa is almost dead.
You closely miss Dowan. You block Duvessa's attack.
Dowan hits you with a +3 dagger of holy wrath.
You die...

...... ..... .... #...
####... ### .......
###..
#...e#############....
#...)@............#.#.
#...e)..#########.....
#....##.# ###..#.#.#
#.... #... ..........
#.### #########.#.#.#.
... #........... ###
#....#.#.#.#
#...........
#.....#.#.#.


You could see Duvessa and Dowan.

Vanquished Creatures
  An ogre (D:5)
  The ghost of insertapun the Sneak, an amateur NaEn of Okawaru (D:3)
  A centaur (D:5)
  A scorpion (D:5)
  An orc priest (D:3)
  A hound (D:4)
  An iguana (D:4)
  An orc wizard (D:3)
  4 adders
  7 gnolls (D:5)
  A white imp (D:5)
  2 ufetubi (D:5)
  3 ribbon worms
  2 dart slugs
  22 orcs
  7 ball pythons
  8 endoplasms
  3 giant cockroaches
  5 goblins
  7 hobgoblins
  6 kobolds
  A quokka (D:4)
  A bat (D:2)
  A frilled lizard (D:3)
  3 rats
91 creatures vanquished.

Notes
Turn   | Place    | Note
-------+----------+-------------------------------------------
     0 | D:1      | Buffagor the Naga Fighter began the quest for the Orb.
     0 | D:1      | Reached XP level 1. HP: 21/21 MP: 1/1
    65 | D:1      | You fall into a shaft and drop 1 floor!
   190 | D:2      | Reached skill level 3 in Axes
   190 | D:2      | Reached XP level 2. HP: 18/28 MP: 2/2
   372 | D:1      | Reached XP level 3. HP: 34/34 MP: 3/3
  1148 | D:2      | Reached skill level 4 in Axes
  1191 | D:2      | Reached XP level 4. HP: 42/42 MP: 4/4
  1408 | D:3      | Found a runed translucent gate.
  1410 | D:3      | Found a runed translucent gate.
  1410 | D:3      | Found a runed translucent gate.
  1410 | D:3      | Noticed insertapun's ghost (amateur NaEn)
  1835 | D:3      | Reached skill level 5 in Axes
  1835 | D:3      | Reached XP level 5. HP: 36/49 MP: 5/5
  1899 | D:3      | Found a faded altar of an unknown god.
  2030 | D:3      | Found a snail-covered altar of Cheibriados.
  2043 | D:3      | Became a worshipper of Cheibriados the Contemplative
  2614 | D:3      | Killed insertapun's ghost
  2615 | D:3      | Reached skill level 6 in Axes
  2615 | D:3      | Reached XP level 6. HP: 30/56 MP: 6/6
  2732 | D:4      | Found Woeruabb's Whimsical Warehouse.
  3294 | D:4      | Found a sparkling altar of Nemelex Xobeh.
  3299 | D:4      | Reached * piety under Cheibriados
  3516 | D:5      | Entered Level 5 of the Dungeon
  3582 | D:5      | Reached skill level 7 in Axes
  3798 | D:5      | Reached XP level 7. HP: 41/62 MP: 7/7
  3978 | D:5      | Noticed Duvessa
  3984 | D:5      | Reached skill level 8 in Axes
  3984 | D:5      | Noticed Dowan
  3989 | D:5      | Reached ** piety under Cheibriados
  3996 | D:5      | HP: 3/62 [Duvessa/+0 short sword (5)]
  3997 | D:5      | Slain by Dowan

Illustrated notes

Levels and vault maps discovered:
D:1:      minmay_arrival_checkered_box, layout_rooms
D:2:      layout_basic
D:3:      layout_basic, nicolae_overflow_crystal_walls,
          ebering_ghost_rock_garden, chequers_ecumenical_altar_island
D:4:      layout_loops_ring, nemelex_dance_club_becter, nicolae_alphabet_shops
D:5:      layout_basic, nicolae_ru_the_path_less_chosen,
          mainiacjoe_overflow_chevrons, minmay_temple_entry_overgrown,
          grunt_decor_mini_mirrors, hex_medium, uniq_crazy_yiuf_cottage,
          uniq_duvessa

Skill      XL: |  1  2  3  4  5  6  7 |
---------------+----------------------+-----
Axes           | 3 4 5 6 7 8 |  8.1
Fighting       | |  3.1
Armour         | |  2.5
Shields        | |  2.8

Action                     |  1- 3 |  4- 6 |  7- 9 || total
---------------------------+-------+-------+-------++-------
  Melee: War axe           |    64 |   109 |    36 ||   209
   Fire: Sling             |       |     1 |       ||     1
Ability: Spit Poison       |    21 |    23 |     4 ||    48
    Use: Potion            |       |     2 |     3 ||     5
 Armour: Scale mail        |    43 |       |       ||    43
         Chain mail        |       |   114 |    45 ||   159
  Dodge: Dodged            |    30 |    25 |    14 ||    69
  Block: Buckler           |    11 |    27 |    12 ||    50
